 Dungeon Crawl Stone Soup version 0.29.1-1-gd02db6906a (webtiles) character file.

Game seed: 5673448415971128839

245 karrick the Covered (level 6, -1/39 HPs)
             Began as a Gargoyle Fighter on Sept 20, 2022.
             Slain by Crazy Yiuf
             ... wielding a +3 quarterstaff of chaos
              (6 damage)
             ... on level 3 of the Dungeon.
             The game lasted 00:04:49 (3969 turns).

karrick the Covered (Gargoyle Fighter)              Turns: 3969, Time: 00:04:50

Health: -1/39      AC: 11    Str: 19    XL:     6   Next: 10%
Magic:  6/6        EV:  9    Int:  9    God:
Gold:   148        SH:  4    Dex: 11    Spells: 5/5 levels left

rFire   . . .      SeeInvis .   a - +0 flail
rCold   . . .      Faith    .   c - +0 buckler
rNeg    + . .      Spirit   .   b - +0 scale mail
rPois   ∞          Reflect  .   (no helmet)
rElec   +          Harm     .   (no cloak)
rCorr   .          Rampage  .   (no gloves)
Will    .....                   (no boots)
Stlth   ..........              (no amulet)
HPRegen 0.13/turn               (no ring)
MPRegen 0.10/turn               (no ring)

@: no status effects
A: sickness immunity, AC +4, negative energy resistance 1, electricity
resistance, torment resistance 1, petrification resistance
a: no special abilities


You were on level 3 of the Dungeon.
You visited 1 branch of the dungeon, and saw 3 of its levels.

You collected 148 gold pieces.

Inventory:

Hand Weapons
 a - a +0 flail (weapon)
Armour
 b - a +0 scale mail (worn)
 c - a +0 buckler (worn)
Jewellery
 d - a ring of protection from fire
 m - an amulet of faith
Scrolls
 e - a scroll of identify {unknown}
 f - 2 scrolls of blinking {unknown}
 i - a scroll of enchant armour {unknown}
 j - a scroll of fear {unknown}
 n - a scroll of amnesia {unknown}
Potions
 g - a potion of degeneration {unknown}
 h - 4 potions of curing {unknown}
 k - a potion of attraction {unknown}
 l - a potion of haste {unknown}


   Skills:
 + Level 4.3 Fighting
 + Level 4.1 Maces & Flails
 + Level 4.6 Armour
 + Level 0.8 Dodging
 + Level 0.2 Stealth
 + Level 3.9 Shields


You had 5 spell levels left.
You didn't know any spells.
Your spell library contained the following spells:

 Spells                   Type           Power      Damage    Failure   Level
 Magic Dart               Conj           0%         1d3       83%         1
 Searing Ray              Conj           0%         2d4       92%         2
 Fulminant Prism          Conj/Hex       0%         3d6       100%        4


Dungeon Overview and Level Annotations

Branches:
Dungeon (3/15)

Altars:
Fedhas
Kikubaaqudgha

Shops:
D:1 !

Annotations:
D:3 Crazy Yiuf


Innate Abilities, Weirdness & Mutations

You are immune to sickness and miasma.
Your stone body is resilient. (AC +4)
You are immune to poison.
You resist negative energy. (rN+)
You are resistant to electric shocks. (rElec)
You are resistant to unholy torment.
You are immune to petrification.


Message History

No target in view!
No target in view!
No target in view!
No target in view!
No target in view!
No target in view!
No target in view!
No target in view!
No target in view!
No target in view!
No target in view!
No target in view!
Things that are here:
a +0 dagger; a goblin corpse You see here a +1 helmet.
Things that are here:
a +0 dagger; a goblin corpse
There is an open door here.
There is an open door here.
There is an open door here.
Crazy Yiuf grits, "Leather!
Two infinity fast."
You open the door. You hit Crazy Yiuf.
Crazy Yiuf is lightly wounded.
Crazy Yiuf hits you with a +3 quarterstaff of chaos!
You hit Crazy Yiuf.
Crazy Yiuf is moderately wounded.
Crazy Yiuf closely misses you.
You completely miss Crazy Yiuf.
Crazy Yiuf is moderately wounded.
Crazy Yiuf hits you with a +3 quarterstaff of chaos!
Space warps horribly around you!
* * * LOW HITPOINT WARNING * * *
You hit Crazy Yiuf.
Crazy Yiuf is heavily wounded.
Crazy Yiuf hits you with a +3 quarterstaff of chaos.
* * * LOW HITPOINT WARNING * * *
Crazy Yiuf yells, "Prologue!
Tonal unthinkable childish."
Crazy Yiuf hits you with a +3 quarterstaff of chaos.
You die...

##### #..)# #...#
... #g# ♣♣@♣
######### ♣.♣♣
#.......# ♣♣.♣
#.......# ♣.♣♣
#.......# ♣♣.♣♣
#.......# ♣.PP♣♣
#.......# ♣P.PP♣
#.......# #....#
####.......###....#


You could see Crazy Yiuf.

Vanquished Creatures
  A black bear (D:3)
  A gnoll (D:1)
  6 adders
  4 worms
  2 dart slugs
  6 endoplasms
  4 giant cockroaches
  10 goblins
  10 hobgoblins
  8 kobolds
  A quokka (D:3)
  3 ball pythons
  6 bats
  7 frilled lizards
  6 rats
75 creatures vanquished.

Notes
Turn   | Place    | Note
-------+----------+-------------------------------------------
     0 | D:1      | karrick the Gargoyle Fighter began the quest for the Orb.
     0 | D:1      | Reached XP level 1. HP: 14/14 MP: 1/1
   383 | D:1      | Reached XP level 2. HP: 19/19 MP: 2/2
   624 | D:1      | Reached XP level 3. HP: 23/23 MP: 3/3
   710 | D:1      | Found Pinu's Distillery.
  1429 | D:2      | Reached XP level 4. HP: 24/29 MP: 4/4
  2982 | D:3      | Reached XP level 5. HP: 33/33 MP: 5/5
  3351 | D:3      | Found a blossoming altar of Fedhas.
  3471 | D:3      | Found a runed translucent door.
  3472 | D:3      | Noticed Crazy Yiuf
  3585 | D:3      | Noticed a black bear
  3586 | D:3      | Found an ancient bone altar of Kikubaaqudgha.
  3594 | D:3      | Killed a black bear
  3595 | D:3      | Reached XP level 6. HP: 35/39 MP: 6/6
  3969 | D:3      | Slain by Crazy Yiuf

Illustrated notes

Levels and vault maps discovered:
D:1:      minmay_arrival_plants_in_alcoves, layout_basic, serial_shops,
          nicolae_shop_advertising_works [nicolae_subvault_shop_adworks],
          hangedman_abyss_or_decor_lesser_grid
D:2:      kennysheep_the_goblin_king, layout_basic, serial_curves,
          eino_curves_01, eino_curves_03
D:3:      layout_basic, mainiacjoe_overflow_small_starburst, fedhas_altar_3,
          serial_curves, eino_curves_02, eino_curves_04,
          corexii_hall_statues_deadend, uniq_crazy_yiuf_cottage

Skill      XL: |  1  2  3  4  5  6 |
---------------+-------------------+-----
Armour         | 4 |  4.6
Maces & Flails | 3 4 |  4.1
Fighting       | 4 |  4.3
Dodging        | |  0.8
Stealth        | |  0.2
Shields        | |  3.9

Action                   |  1- 3 |  4- 6 || total
-------------------------+-------+-------++-------
Melee: Flail             |   117 |   169 ||   286
  Use: Potion            |       |     1 ||     1
Armor: Scale mail        |    70 |    77 ||   147
Dodge: Dodged            |    42 |    77 ||   119
Block: Buckler           |    27 |    26 ||    53
